Map: Cactus Valley LE (Void)

Players

FluffyRoach

  • Race: Zerg Zerg
  • Spawn Location: 11:00

Musumeci - Winner!

  • Race: Zerg Zerg
  • League: Diamond
  • Spawn Location: 7:00

VOD

Have the link to the VOD?

Description

Time

  • Played on: Feb. 9, 2017, 3:15 p.m.
  • Length: 2:49
Show
View Real Time Build Order
Export as new Build Order

FluffyRoach Zerg 

Build Orders: Pool Only 

Get SALT Encoding   

  12  0:02  Drone  
  13  0:16  Extractor  
  12  0:24  Spawning Pool  
  11  0:29  Drone  
  11  0:34  Drone  
  13  0:38  Drone  
  14  0:50  Overlord  
  14  1:13  Zergling x6  
  14  1:17  Metabolic Boost  
  17  1:24  Zergling x2  
  18  1:46  Queen, Baneling Nest  
  19  1:47  Zergling x2  
  20  1:57  Zergling x2  
  21  2:07  Overlord  
  21  2:20  Zergling x2  
  22  2:29  Zergling x2  
Show
View Real Time Build Order
Export as new Build Order

Musumeci Zerg - Winner!

Build Orders: Pool First 

Get SALT Encoding   

  12  0:01  Drone  
  14  0:14  Drone  
  14  0:25  Overlord  
  14  0:30  Drone x2, Extractor x2  
  16  0:44  Drone  
  17  0:52  Spawning Pool  
  17  0:55  Extractor  
  17  0:56  Drone  
  16  1:31  Hatchery  
  15  1:39  Zergling x6  
  18  1:45  Spine Crawler  
  17  1:51  Zergling x2  
  18  2:07  Zergling x2  
  21  2:19  Zergling x2  
Tags
 
Add a new tag
Caveats
  • Supply blocks, unpowered buildings, or Contaminate may cause inaccurate times.
  • Supply counts are checked every 10 seconds.